 Dungeon Crawl Stone Soup version 0.31.0-11-ge490571c62 (webtiles) character file.

Game seed: 10182334654362599024

7 qw the Shooter (level 1, 0/10 HPs)
             Began as a Spriggan Hunter on Feb 4, 2024.
             Slain by a gnoll
             ... wielding a +0 spear
              (6 damage)
             ... on level 1 of the Dungeon.
             The game lasted 00:00:01 (104 turns).

qw the Shooter (Spriggan Hunter)                     Turns: 104, Time: 00:00:02

Health: 0/10       AC:  2    Str:  7    XL:     1   Next: 91%
Magic:  2/2        EV: 18    Int: 10    God:
Gold:   9          SH:  0    Dex: 18    Spells: 0/0 levels left

rFire   . . .        a - +0 shortbow
rCold   . . .        (shield currently unavailable)
rNeg    . . .        c - +0 robe
rPois   .            (helmet restricted)
rElec   .            (no cloak)
rCorr   .            (gloves unavailable)
SInv    +            (boots unavailable)
Will    .....        (no amulet)
Stlth   ++           (no ring)
HPRegen 0.21/turn    (no ring)
MPRegen 0.08/turn

%: no passive effects
@: very quick
A: very small, no large weapons, unfitting armour, see invisible, speed 3
a: no special abilities


You were on level 1 of the Dungeon.
You visited 1 branch of the dungeon, and saw 1 of its levels.

You collected 9 gold pieces.


Innate Abilities, Weirdness & Mutations

You are very small and have problems with some larger weapons.
You are too small for most types of armour.
You have supernaturally acute eyesight. (SInv)
You cover ground extremely quickly. (Speed+++)


   Skills:
 - Level 1.5 Fighting
 - Level 4.0 Ranged Weapons
 + Level 3.6 Dodging
 - Level 1.5 Stealth


You couldn't memorise any spells.
You didn't know any spells.
Your spell library was empty.

Inventory:

Hand Weapons
 a - a +0 shortbow (weapon)
Armour
 c - a +0 robe (worn)
Scrolls
 b - a scroll of butterflies
 d - a scroll of identify {unknown}
Potions
 e - a potion of lignification {unknown}

Dungeon Overview and Level Annotations

Branches:
Dungeon (1/15)

Altars:


Message History

You kill the quokka!
A kobold comes into view. It is wielding a +0 short sword.
You shoot an arrow. The arrow closely misses the bat.
The arrow closely misses the quokka.
The arrow closely misses the kobold.
The bat misses you.
A rat comes into view.
Enter note:
94 ||| RETREEEEATING.
Enter note:
Enter note:
95 ||| RETREEEEATING.
Enter note:
96 ||| RETREEEEATING.
The bat misses you.
Enter note:
97 ||| RETREEEEATING.
You shoot an arrow. The arrow closely misses the gnoll.
The bat hits you but does no damage. The gnoll barely misses you.
Enter note:
99 ||| RETREEEEATING.
The bat hits you but does no damage.
Enter note:
100 ||| RETREEEEATING.
A ball python comes into view.
Enter note:
Enter note:
101 ||| RETREEEEATING.
You shoot an arrow. The arrow hits the quokka.
You kill the quokka!
The bat hits you but does no damage.
You shoot an arrow. The arrow hits the bat!
You kill the bat!
The gnoll hits you from afar with a +0 spear.
Ouch! That really hurt!
The gnoll completely misses you.
You shoot an arrow. The arrow hits the gnoll.
The gnoll is heavily wounded.
The gnoll hits you from afar with a +0 spear.
Ouch! That really hurt!
You die...

#..##########'#########.##...## .
#..# 777..[..<..~~~~~~#.###.###
.##..#77.....~~~~~~~....'.#....##
.....#7....~~~PPP~~.....#...##...
.....#....~~PPP~~~.P...7#...##...
.....'..~~~~PP~~.....<77#.#......
#.#..#~~~~~~~~~.>..7777 #.#......
#....############+#######.......#
##.......?....gr@S...........#..#
##...........#.##K......#........
...........................#.(...
.....####.........##.... .....%
............. ...
.....###........:.### ..
........>.......... # ....$
.............. ... ##.........


You could see a gnoll, a ball python, a kobold and a rat.

Vanquished Creatures
  An endoplasm (D:1)
  2 quokkas (D:1)
  2 ball pythons (D:1)
  A bat (D:1)
  A rat (D:1)
7 creatures vanquished.

Notes
Turn   | Place    | Note
-------+----------+-------------------------------------------
     0 | D:1      | qw the Spriggan Hunter began the quest for the Orb.
     0 | D:1      | Reached XP level 1. HP: 10/10 MP: 2/2
     0 | D:1      | 0 ||| qw: Version: 0.3-a-160-g6735b56
     0 | D:1      | 0 ||| qw: Game counter: 4954
     0 | D:1      | 0 ||| qw: Melee chars always use a shield: true
     0 | D:1      | 0 ||| qw: God list: Okawaru
     0 | D:1      | 0 ||| qw: Allow faded altars: false
     0 | D:1      | 0 ||| qw: Do Orc after clearing Dungeon:15 true
     0 | D:1      | 0 ||| qw: Do second Lair branch before Depths: true
     0 | D:1      | 0 ||| qw: Lair rune preference: random
     0 | D:1      | 0 ||| qw: Goals: Normal
     0 | D:1      | 0 ||| PLANNING D:1-11
    80 | D:1      | Reached skill level 3 in Dodging
    94 | D:1      | 94 ||| RETREEEEATING.
    95 | D:1      | 95 ||| RETREEEEATING.
    96 | D:1      | 96 ||| RETREEEEATING.
    97 | D:1      | 97 ||| RETREEEEATING.
    99 | D:1      | 99 ||| RETREEEEATING.
   100 | D:1      | 100 ||| RETREEEEATING.
   101 | D:1      | 101 ||| RETREEEEATING.
   104 | D:1      | Slain by a gnoll

Levels and vault maps discovered:
D:1:      tarquinn_simple_flora_water_c, layout_rooms, solitary_fountain,
          serial_park_tiny_2

Skill      XL: |  1 |
---------------+----+-----
Dodging        | 3 |  3.6
Fighting       | |  1.5
Ranged Weapons | |  4.0
Stealth        | |  1.5

Action                     || total
---------------------------++-------
   Fire: Shortbow          ||    12
 Armour: Robe              ||     5
  Dodge: Dodged            ||     4

Table legend:
 A = Non-vault XP
 B = Vault XP
 C = Vault XP percentage of total XP
 D = Non-vault monster count
 E = Vault monster count
 F = Vault count percentage of total count
                 A         B        C        D         E       F
            +---------+---------+-------+---------+---------+-------
      Total |      11 |       0 |   0.0 |       7 |       0 |   0.0
            +---------+---------+-------+---------+---------+-------
        D:1 |      11 |       0 |   0.0 |       7 |       0 |   0.0
            +---------+---------+-------+---------+---------+-------
